 Dungeon Crawl Stone Soup version 0.24.0-123-gd5b16e6ec5 (webtiles) character file.

Game seed: 10062250152726500977, levelgen mode: deterministic

1054 Curus the Carver (level 8, -2/64 HPs)
             Began as a Minotaur Abyssal Knight on Jan 22, 2020.
             Was a Priest of Lugonu.
             Slain by a killer bee (3 damage)
             ... on level 6 of the Dungeon.
             The game lasted 00:16:12 (4800 turns).

Curus the Carver (Minotaur Abyssal Knight)          Turns: 4800, Time: 00:16:13

Health: -2/64      AC: 12    Str: 16 (17) XL:     8   Next: 5%
Magic:  10/12      EV:  9    Int:  9      God:    Lugonu [***...]
Gold:   232        SH:  7    Dex: 17      Spells: 7/7 levels left

rFire    . . .     SeeInvis .   a - +1 falchion
rCold    . . .     Gourm    .   r - +0 shield (curse)
rNeg     . . .     Faith    .   l - +0 chain mail
rPois    .         Spirit   .   (helmet restricted)
rElec    .         Reflect  .   e - +1 cloak
rCorr    .         Harm     .   j - +0 pair of gloves
MR       .....                  (no boots)
Stlth    ..........             k - amulet of the acrobat
HPRegen  0.20/turn              (no ring)
MPRegen  0.13/turn              (no ring)

@: agile, lethally poisoned (-2 -> -10)
A: retaliatory headbutt, horns 2
a: Depart the Abyss, Bend Space, Banish, Renounce Religion


You were on level 6 of the Dungeon.
You worshipped Lugonu.
Lugonu was most pleased with you.
You were not hungry.

You visited 1 branch of the dungeon, and saw 6 of its levels.
You visited the Abyss 1 time.

You collected 232 gold pieces.

Inventory:

Hand Weapons
 a - a +1 falchion (weapon)
Armour
 b - a +0 leather armour
 e - a +1 cloak (worn)
 g - a +0 scale mail (quivered)
 h - a +0 ring mail
 j - a +0 pair of gloves (worn)
 l - a +0 chain mail (worn)
 n - a -1 shield
 r - a cursed +0 shield (worn)
Jewellery
 k - an amulet of the acrobat (around neck)
 p - an uncursed amulet of harm
Scrolls
 d - 2 scrolls of remove curse
 i - 2 scrolls of identify
 q - a scroll of enchant armour
Potions
 f - 2 potions of flight
 m - a potion of agility
Comestibles
 c - 7 rations
 s - a chunk of flesh


   Skills:
 - Level 3.6 Fighting
 + Level 8.3 Long Blades
 - Level 2.4 Armour
 - Level 1.1 Dodging
 + Level 6.8 Invocations


You had 7 spell levels left.
You didn't know any spells.
Your spell library was empty.

Dungeon Overview and Level Annotations

Branches:
Dungeon (6/15)
 Temple: D:4-7

Altars:
Dithmenos
Elyvilon
Hepliaklqana
Trog
Vehumet
Xom

Annotations:
D:4 1 runed translucent door


Innate Abilities, Weirdness & Mutations

You reflexively headbutt those who attack you in melee.
You have a pair of horns on your head.


Message History

You hit the killer bee.
The killer bee is heavily wounded.
* * * LOW HITPOINT WARNING * * *
You feel sick.
The killer bee stings you but does no damage.
You block the killer bee's attack.
You slash the killer bee! Your headbutt misses the killer bee.
The killer bee is almost dead.
* * * LOW HITPOINT WARNING * * *
You feel sick.
The killer bee stings you but does no damage. x2
You hit the killer bee.
You kill the killer bee!
Lugonu accepts your kill.
* * * LOW HITPOINT WARNING * * *
You feel sick. You block the killer bee's attack.
You miss the killer bee. Your headbutt misses the killer bee.
* * * LOW HITPOINT WARNING * * *
You feel sick. You block the killer bee's attack. The killer bee stings you.
You die...

.. #$# #####
##..##...# #
....#)#.# ..
###..#@#.##.#.#
.....#y#.......
#...(.# #
#..(#.##.#...
...###..(#........
.......(..........
..####..(##.......
#...)+.......
###.รท#.......


You could see a killer bee.

Vanquished Creatures
  Edmund (D:5)
  A phantom (D:5)
  A centaur (D:6)
  A bullfrog (D:6)
  A scorpion (D:4)
  5 killer bees (D:6)
  2 crimson imps
  A hound (D:5)
  2 orc priests (D:2)
  2 orc wizards
  An iguana (D:6)
  A worker ant (D:5)
  A hound skeleton (D:4)
  A howler monkey skeleton (D:4)
  A gnoll (D:3)
  3 adders
  4 worms
  A dart slug (D:3)
  4 leopard geckos
  9 orcs
  4 bats
  14 giant cockroaches
  6 goblins
  5 hobgoblins
  9 jackals
  10 kobolds
  5 ball pythons
  4 frilled lizards
  A jackal skeleton (D:6)
  7 rats
108 creatures vanquished.

Notes
Turn   | Place    | Note
-------+----------+-------------------------------------------
     0 | Abyss:1  | Curus the Minotaur Abyssal Knight began the quest for the
                  | Orb.
     0 | Abyss:1  | Reached XP level 1. HP: 19/19 MP: 1/1
    29 | Abyss:1  | Noticed an iron imp
    58 | Abyss:1  | Noticed a wretched star
    59 | D:1      | Escaped the Abyss
   179 | D:1      | Reached XP level 2. HP: 25/26 MP: 2/2
   180 | D:1      | Reached skill level 3 in Long Blades
   215 | D:1      | Reached * piety under Lugonu
   734 | D:2      | Found a radiant altar of Vehumet.
   923 | D:2      | Reached XP level 3. HP: 21/31 MP: 2/4
   964 | D:2      | Reached skill level 4 in Long Blades
   967 | D:2      | Reached XP level 4. HP: 10/39 MP: 5/5
  1377 | D:2      | Reached XP level 5. HP: 41/45 MP: 6/6
  1765 | D:3      | Reached ** piety under Lugonu
  1910 | D:3      | Found a hazy altar of Hepliaklqana.
  1963 | D:3      | Reached skill level 5 in Long Blades
  2463 | D:3      | Found a shimmering altar of Xom.
  2910 | D:4      | Found a white marble altar of Elyvilon.
  2910 | D:4      | Noticed an angel
  2911 | D:4      | Found a runed translucent door.
  2960 | D:4      | Reached XP level 6. HP: 48/51 MP: 8/8
  3575 | D:4      | Reached skill level 6 in Long Blades
  3882 | D:5      | Entered Level 5 of the Dungeon
  3882 | D:5      | Found a bloodstained altar of Trog.
  3967 | D:5      | Reached skill level 5 in Invocations
  4183 | D:5      | Noticed Edmund
  4208 | D:5      | Killed Edmund
  4396 | D:5      | Reached XP level 7. HP: 54/57 MP: 10/10
  4513 | D:5      | Found a shadowy altar of Dithmenos.
  4554 | D:5      | Reached skill level 7 in Long Blades
  4570 | D:5      | Reached *** piety under Lugonu
  4788 | D:6      | Reached skill level 8 in Long Blades
  4793 | D:6      | Reached XP level 8. HP: 13/64 MP: 10/12
  4798 | D:6      | HP: 3/64 [poisoned by a killer bee]
  4800 | D:6      | HP: 1/64 [poisoned by a killer bee]
  4800 | D:6      | Slain by a killer bee

Levels and vault maps discovered:
D:1:      lightli_arrival_farm, layout_rooms, minmay_misc_feat_enclosed
D:2:      layout_loops_ring, fiery_altar_vehumet, serial_forest,
          infiniplex_forest_lined_corner, infiniplex_forest_clump_large,
          infiniplex_forest_lined_corner, infiniplex_forest_zigzag_1,
          infiniplex_forest_lined_corner, infiniplex_forest_straight_4
D:3:      minmay_roachtagon, layout_basic, nicolae_overflow_crystal_walls,
          minivault_4, tgw_xom
D:4:      layout_basic, first_ration, lemuel_angel_altar
D:5:      layout_gridville, bloody_trog, grunt_dithmenos_shadows, uniq_edmund
D:6:      layout_basic, uniq_eustachio

Skill      XL: |  1  2  3  4  5  6  7 |
---------------+----------------------+-----
Invocations    | 2 3 4 5 6 |  6.8
Long Blades    | 3 4 5 6 8 |  8.3
Fighting       | |  3.6
Armour         | |  2.4
Dodging        | |  1.1

Action                   |  1- 3 |  4- 6 |  7- 9 || total
-------------------------+-------+-------+-------++-------
Melee: Falchion          |    54 |   283 |    91 ||   428
       Headbutt          |    10 |    41 |    14 ||    65
Invok: Depart the Abyss  |     1 |       |       ||     1
  Use: Scroll            |     4 |     5 |     1 ||    10
       Potion            |     6 |     5 |     2 ||    13
 Stab: Sleeping          |     1 |       |       ||     1
  Eat: Chunk             |       |    11 |     2 ||    13
Armor: Leather armour    |     3 |       |       ||     3
       Ring mail         |     5 |     2 |       ||     7
       Scale mail        |       |   102 |       ||   102
       Chain mail        |       |    20 |    56 ||    76
Dodge: Dodged            |    20 |   100 |    22 ||   142
Block: Shield            |       |    47 |    33 ||    80
       Rpst.: Falchion   |     4 |    21 |     8 ||    33
